 Dungeon Crawl Stone Soup version 0.24-a0-203-gf0bc1e9 (webtiles) character file.

Game seed: 8928834927732440561

261865 Brutus the Slayer (level 19, 0/228 HPs)
             Began as an Ogre Berserker on Mar 26, 2019.
             Was a High Priest of Trog.
             Killed from afar by a shadow dragon (24 damage)
             ... with a bolt of negative energy
             ... on level 2 of the Depths on Mar 27, 2019.
             The game lasted 02:15:13 (46662 turns).

Brutus the Slayer (Ogre Berserker)                 Turns: 46662, Time: 02:15:14

Health: 0/228      AC: 18    Str: 26    XL:     19   Next: 97%
Magic:  25/25      EV: 18    Int:  8    God:    Trog [*****.]
Gold:   2377       SH: 13    Dex: 14    Spells: 18/18 levels left

rFire    x . .     SeeInvis +   b - +9 broad axe (elec)
rCold    + + .     Gourm    .   y - +2 shield {reflect}
rNeg     . . .     Faith    .   X - +0 ice dragon scales
rPois    .         Spirit   .   i - +2 hat
rElec    +         Reflect  +   P - +2 cloak
rCorr    .         Harm     .   (gloves unavailable)
MR       +++..     Clarity  +   (boots unavailable)
Stlth    ..........             U - amulet of the Air {Inacc +Fly rElec EV+5 RMsl}
HPRegen  1.48/turn              l - +6 ring of slaying
MPRegen  0.19/turn              Y - ring of see invisible

@: starving, regenerating, hasted, heavily drained, repel missiles, very quick
A: large, unfitting armour, clarity, tough skin 1, MP-powered wands
}: 2/15 runes: decaying, serpentine
a: Berserk, Trog's Hand, Brothers in Arms, Renounce Religion, Evoke Flight


You were on level 2 of the Depths.
You worshipped Trog.
Trog was extremely pleased with you.
You were starving.

You visited 6 branches of the dungeon, and saw 33 of its levels.
You also visited: Ossuary and Gauntlet.

You collected 3536 gold pieces.
You spent 1159 gold pieces at shops.

Inventory:

Hand Weapons
 a - a +8 broad axe of venom
 b - a +9 broad axe of electrocution (weapon)
 q - the +8 hand axe "Lothen" {drain, rC+ Int+3}
   (You found it on level 6 of the Dungeon)

   A truly terrible weapon, it drains the life of those it strikes.
   It affects your intelligence (+3).
   It protects you from cold.
 L - a +2 hand axe of flaming
Missiles
 k - 32 large rocks (quivered)
 n - 6 javelins of penetration
 z - 8 poisoned javelins
 T - 4 throwing nets
Armour
 h - a +2 robe of resistance
 i - a +2 hat (worn)
 y - a +2 shield of reflection (worn)
 P - a +2 cloak (worn)
 Q - +0 swamp dragon scales
 X - +0 ice dragon scales (worn)
Jewellery
 d - a +6 ring of evasion
 f - an uncursed ring of fire
 l - a +6 ring of slaying (left hand)
 p - an uncursed ring of protection from magic
 s - the ring of Duuhey {Fire rPois Str+5 Stlth+}
   (You found it in a Gauntlet)

   [ring of fire]

   It enhances your fire magic.
   It affects your strength (+5).
   It protects you from fire.
   It makes you vulnerable to cold.
   It protects you from poison.
   It makes you more stealthy.
 D - an uncursed ring of positive energy
 R - the ring "Tyxuss" {rC+ Str+3}
   (You found it on level 1 of the Swamp)

   [ring of protection from cold]

   It affects your strength (+3).
   It protects you from cold.
 U - the amulet of the Air (around neck) {Inacc +Fly rElec EV+5 RMsl}
   (You bought it in a shop on level 2 of the Orcish Mines)

   [amulet of inaccuracy]

   It reduces the accuracy of all your attacks.
   It affects your evasion (+5).
   It insulates you from electricity.
   It lets you fly.
   It protects you from missiles.
 V - an uncursed ring of positive energy
 Y - a ring of see invisible (right hand)
Wands
 r - a wand of iceblast (26)
 B - a wand of flame (7)
 C - a wand of disintegration (63)
 G - a wand of clouds (18)
 H - a wand of enslavement (16)
 I - a wand of paralysis (16)
 S - a wand of acid (51)
Scrolls
 e - 13 scrolls of teleportation
 g - 19 scrolls of remove curse
 j - 8 scrolls of fear
 o - 2 scrolls of identify
 w - a scroll of summoning
 F - 2 scrolls of magic mapping
 N - a scroll of fog
 O - 2 scrolls of blinking
Potions
 m - a potion of ambrosia
 t - a potion of invisibility
 u - 14 potions of curing
 x - 10 potions of haste
 E - 2 potions of resistance
 J - 2 potions of cancellation
 M - 5 potions of agility
Miscellaneous
 K - a lightning rod (4/4)
 Z - a sack of spiders
Comestibles
 c - 41 rations


   Skills:
 - Level 22.5(20.5) Fighting
 - Level 16.9(16.2) Axes
   Level 10.1(12.4) Maces & Flails
 - Level 8.2(6.8) Throwing
 + Level 9.1(7.7) Armour
 - Level 12.1(10.5) Dodging
 - Level 1.0(0.0) Stealth
 - Level 9.0(7.5) Shields
 - Level 8.1(6.7) Evocations


You had 18 spell levels left.
You didn't know any spells.
Your spell library was empty.

Dungeon Overview and Level Annotations

Branches:
Dungeon (15/15)            Temple (0/1) D:5            Lair (6/6) D:9
  Swamp (4/4) Lair:2        Snake (4/4) Lair:2        Slime (0/5) Lair:6
    Orc (2/2) D:10            Elf (0/3) Orc:2        Vaults (0/5) D:14
 Depths (2/5) D:15

Altars:
Cheibriados
Dithmenos
Fedhas
Gozag
Kikubaaqudgha
Nemelex Xobeh
Trog
Xom
The Shining One
Beogh

Shops:
D:4 *   D:9 %   Orc:2 !*[=   Snake:2 [

Portals:
Hell: Depths:1
Pandemonium: Depths:1
Ziggurat: Depths:1
Trove: D:12 (give +5 demon whip)

Annotations:
D:6 1 runed translucent door, nikopol's ghost, novice DgFE
D:10 exclusion: downstairs
D:11 exclusion: downstairs
Swamp:1 2 transporters, Nr616's ghost, journeyman TrGl


Innate Abilities, Weirdness & Mutations

You are too large for most types of armour.
You have tough skin. (AC +1)
You possess an exceptional clarity of mind.
You expend magic power (3 MP) to strengthen your wands.


Message History

The hell knight points at your ogre and mumbles some strange words.
The bolt of fire hits your ogre!!
Your ogre dies!
Your ogre's corpse disappears in a puff of smoke!
The bolt of fire hits the necromancer!
The bolt of fire hits your ogre!!
The hell knight shouts!
You slice the necromancer!!
Lightning courses through the necromancer!
You kill the necromancer!
Trog accepts your kill.
Trog appreciates your killing of a magic user.
You slice the shadow dragon like a ripe choko!!!
You hear a shout!
You hear a deafening roar!
You hear a shout!
You hear two shouts!
You hear a shout!
You hear a deafening roar!
You hear a horrible gurgling sound! x2
Your ogre rages.
You feel yourself speed up.
The shadow dragon breathes negative energy at you.
The bolt of negative energy hits you!!
You feel drained.
You die...

#..#..'V
#..§..'W
#..#..##
##..#..#
#..#..#
#..#..#
#########
##§.#..
....TTD.###
#§.§.. #@O.##
#§§#§. ###).##
##..#. ##p.###
#..#) ##...#
#..#. #...#
##... ##p.##
#..#
#...##.......
#............
#.............


You could see a shadow dragon, a hell knight, 2 deep trolls and a friendly ogre
(berserk).

Vanquished Creatures
  Saint Roka (Orc:2)
  the Lernaean hydra (Swamp:4)
  Nikola (Swamp:1)
  Jorgrun (Swamp:1)
  A tentacled monstrosity (Swamp:2)
  A lich (Depths:2)
  Agnes (Snake:4)
  Kirke (D:13)
  2 tengu reavers
  A thorn hunter (Swamp:4)
  6 nagarajas (Snake:4)
  A fire giant (Depths:1)
  2 frost giants (Depths:2)
  Aizul (Snake:2)
  7 very ugly things
  2 stone giants (Depths:1)
  2 vampire knights (Depths:2)
  Azrael (D:13)
  5 dire elephants (Lair:6)
  A minotaur (Gauntlet)
  Snorg (D:13)
  2 ettins
  A fire dragon (Depths:1)
  Josephine (Lair:6)
  A great orb of eyes (Depths:1)
  An ice dragon (Depths:2)
  A rakshasa (Depths:2)
  17 hydras
  A catoblepas (Lair:4)
  3 centaur warriors
  Harold (D:11)
  11 naga warriors
  6 shambling mangroves
  2 ghost crabs (Swamp:2)
  5 two-headed ogres
  A death knight (D:14)
  2 spriggan air magi (Depths:2)
  16 alligators
  2 tengu warriors
  22 anacondas
  2 deep troll earth magi (Depths:1)
  An ogre mage (D:15)
  Urug (Lair:4)
  16 naga sharpshooters
  An orc high priest (Orc:2)
  9 shock serpents
  A fire crab (D:14)
  A salamander mystic (Snake:4)
  3 shadow wraiths
  5 skeletal warriors
  2 unseen horrors (D:14)
  4 deep trolls (Depths:2)
  12 naga ritualists
  9 swamp dragons
  3 wizards (D:14)
  A shadow demon (Depths:2)
  A necromancer (Depths:2)
  A mana viper (shapeshifter) (D:15)
  13 orc knights
  8 ugly things
  A wolf spider zombie (D:14)
  2 phantasmal warriors (Depths:1)
  An oklob plant (Snake:2)
  10 mana vipers
  A deep elf mage (D:12)
  2 orc sorcerers (Orc:2)
  A cyclops (D:12)
  15 salamanders
  2 manticores (D:15)
  16 naga magi
  7 elephants (Lair:6)
  34 black mambas
  9 guardian serpents
  A spriggan skeleton (Depths:1)
  2 minotaur zombies (Gauntlet)
  16 spiny frogs
  3 rime drakes
  7 komodo dragons
  2 kobold demonologists
  3 tengu conjurers
  9 trolls
  12 hornets
  A meliai (D:9)
  A polar bear (Lair:5)
  18 tyrant leeches
  16 blink frogs
  9 bog bodies
  7 hippogriffs
  A meliai zombie (D:12)
  26 slime creatures
  9 dream sheep
  A spriggan zombie (Depths:1)
  A vampire (D:14)
  9 shadows
  8 wraiths
  47 yaks
  2 spriggans
  4 basilisks
  Eustachio (D:4)
  2 wyverns
  A hog (D:13)
  Grum (D:9)
  4 fire elementals (D:13)
  2 hungry ghosts
  27 vampire mosquitoes
  A spriggan simulacrum (Depths:1)
  48 nagas
  8 wargs
  4 insubstantial wisps (Swamp:2)
  14 water moccasins
  2 acid dragons
  3 hell hounds (D:13)
  12 swamp worms
  15 porcupines
  11 swamp drakes
  2 sky beasts
  A black bear (D:11)
  11 ogres
  2 ice beasts
  2 necrophages
  53 orc warriors
  A phantom (D:7)
  2 hornet zombies
  6 wolves
  2 boggarts (Depths:2)
  6 centaurs
  16 crocodiles
  An elf zombie (Ossuary)
  4 big kobolds
  9 bullfrogs
  A gnoll sergeant (D:8)
  A wyvern zombie (D:14)
  6 scorpions
  3 killer bees (D:8)
  5 centaur zombies
  9 crimson imps
  A bullfrog zombie (D:12)
  A human zombie (Ossuary)
  5 hounds
  A gnoll shaman (D:5)
  8 jellies
  A quasit (D:6)
  24 orc priests
  19 orc wizards
  A bullfrog skeleton (D:11)
  An iron imp (Depths:1)
  3 centaur skeletons
  2 iguanas
  11 worker ants
  5 big kobold zombies (Ossuary)
  2 hound zombies
  3 mummies (Ossuary)
  2 worker ant zombies
  12 gnolls
  15 adders
  2 shadow imps
  A white imp (Depths:1)
  2 oozes (Lair:6)
  2 adder zombies (Ossuary)
  An adder skeleton (D:5)
  A worm (shapeshifter) (Depths:2)
  2 worms (D:2)
  3 dart slugs
  2 leopard geckos
  129 orcs
  4 giant cockroaches
  2 gnoll zombies (Ossuary)
  4 hobgoblins
  15 jackals
  9 quokkas
  7 bats
  5 frilled lizards
  5 goblins
  A goblin zombie (Ossuary)
  4 hobgoblin zombies (Ossuary)
  2 jackal zombies
  15 kobolds
  5 kobold zombies (Ossuary)
  7 quokka zombies (Ossuary)
  8 rats
  3 rat zombies (Ossuary)
  9 fungi
  7 plants
1219 creatures vanquished.

Vanquished Creatures (collateral kills)
  A nagaraja (Snake:4)
  The ghost of SaintRoka the Thaumaturge, a journeyman GnWz of Cheibriados (D:14)
  2 ettins (Depths:1)
  An ice dragon (Depths:1)
  3 anacondas (Snake:4)
  A wizard (Depths:1)
  An obsidian statue (D:14)
  A necromancer (Depths:1)
  A black mamba (Snake:4)
  2 guardian serpents (Snake:4)
  3 naga magi (Snake:4)
  A yaktaur (Depths:1)
  A freezing wraith (D:14)
  3 slime creatures (Depths:1)
  A hippogriff (D:14)
  A naga (Snake:4)
  A human zombie (Depths:1)
25 creatures vanquished.

Vanquished Creatures (others)
  A vampire knight (Depths:1)
  A naga sharpshooter (Snake:1)
  A swamp dragon (Swamp:4)
  A yaktaur (Depths:2)
  A basilisk (Lair:6)
  2 insubstantial wisps (Swamp:2)
  A crocodile (Lair:6)
  A fire vortex (Lair:6)
  3 fungi (Lair:6)
  7 plants
  A withered plant (Gauntlet)
20 creatures vanquished.

Grand Total: 1264 creatures vanquished

Notes
Turn   | Place    | Note
-------+----------+-------------------------------------------
     0 | D:1      | Brutus the Ogre Berserker began the quest for the Orb.
     0 | D:1      | Reached XP level 1. HP: 24/24 MP: 1/1
   240 | D:1      | Found a snail-covered altar of Cheibriados.
   276 | D:1      | Reached XP level 2. HP: 32/32 MP: 2/2
   765 | D:2      | Reached XP level 3. HP: 17/40 MP: 3/3
  1165 | D:2      | Reached ** piety under Trog
  1532 | D:2      | Reached XP level 4. HP: 49/49 MP: 4/4
  1574 | D:2      | Reached skill level 5 in Fighting
  2488 | D:3      | Reached XP level 5. HP: 57/57 MP: 5/5
  2550 | D:3      | Found a shimmering altar of Xom.
  3304 | D:4      | Reached skill level 5 in Maces & Flails
  3304 | D:4      | Reached XP level 6. HP: 67/67 MP: 6/6
  3570 | D:4      | Reached skill level 6 in Fighting
  3570 | D:4      | Reached skill level 1 in Stealth
  3648 | D:4      | Found a sand-covered staircase.
  3767 | Ossuary  | Entered an ossuary
  3837 | Ossuary  | Reached *** piety under Trog
  3883 | Ossuary  | Reached XP level 7. HP: 43/76 MP: 7/7
  4539 | Ossuary  | Reached skill level 7 in Fighting
  4867 | D:4      | Noticed Eustachio
  4885 | D:4      | Killed Eustachio
  4885 | D:4      | Reached XP level 8. HP: 87/87 MP: 8/8
  4933 | D:4      | Found Sotzasi's General Store.
  5163 | D:5      | Entered Level 5 of the Dungeon
  5166 | D:5      | Reached **** piety under Trog
  5709 | D:5      | Reached skill level 8 in Fighting
  6158 | D:5      | Found a staircase to the Ecumenical Temple.
  6558 | D:6      | Found a runed translucent door.
  6560 | D:6      | Noticed nikopol's ghost (novice DgFE)
  6641 | D:6      | Got a bloodstained hand axe
  6642 | D:6      | Identified the +8 hand axe "Lothen" {drain, rC+ Int+3} (You
                  | found it on level 6 of the Dungeon)
  6882 | D:6      | Reached skill level 9 in Fighting
  6901 | D:6      | Reached XP level 9. HP: 48/98 MP: 9/9
  7364 | D:6      | Reached ***** piety under Trog
  7711 | D:7      | Reached skill level 1 in Axes
  8779 | D:8      | Reached skill level 10 in Fighting
  8861 | D:8      | You fall through a shaft for 2 floors!
  8861 | D:10     | Entered Level 10 of the Dungeon
  9210 | D:10     | Reached skill level 11 in Fighting
  9218 | D:10     | Reached skill level 12 in Fighting
  9218 | D:10     | Reached XP level 10. HP: 93/115 MP: 10/10
  9391 | D:10     | Noticed a two-headed hydra
  9396 | D:10     | Killed a one-headed hydra
  9396 | D:10     | Reached skill level 10 in Maces & Flails
  9437 | D:9      | Reached skill level 13 in Fighting
  9623 | D:8      | Received a gift from Trog
 10234 | D:8      | Reached skill level 14 in Fighting
 10425 | D:9      | Noticed Grum
 10438 | D:9      | Killed Grum
 10493 | D:9      | Found a sparkling altar of Nemelex Xobeh.
 10551 | D:9      | Found Sast's Food Shoppe.
 10641 | D:9      | Reached skill level 15 in Fighting
 11325 | D:9      | Found a staircase to the Lair.
 11356 | D:9      | Reached XP level 11. HP: 132/132 MP: 11/11
 11547 | D:10     | Found a staircase to the Orcish Mines.
 12086 | D:11     | Noticed a cyan ugly thing
 12089 | D:11     | Noticed a cyan ugly thing
 12094 | D:11     | Killed a cyan ugly thing
 12094 | D:11     | Reached skill level 16 in Fighting
 12140 | D:11     | Killed a cyan ugly thing
 12469 | D:11     | Noticed Harold
 12491 | D:11     | Killed Harold
 12491 | D:11     | Reached skill level 17 in Fighting
 13315 | D:11     | Reached skill level 1 in Shields
 13319 | D:11     | Noticed a skeletal warrior
 13321 | D:11     | Noticed a skeletal warrior
 13460 | D:11     | Noticed a skeletal warrior
 13460 | D:11     | Noticed a skeletal warrior
 13462 | D:11     | Noticed a skeletal warrior
 13470 | D:10     | Killed a skeletal warrior
 13526 | D:11     | Killed a skeletal warrior
 13526 | D:11     | Reached skill level 1 in Armour
 13537 | D:11     | Killed a skeletal warrior
 13793 | D:11     | Killed a skeletal warrior
 13793 | D:11     | Reached skill level 18 in Fighting
 13992 | D:12     | Found a gate leading to a gauntlet.
 14008 | Gauntlet | Entered a Gauntlet
 14008 | Gauntlet | Found a transporter.
 14008 | Gauntlet | Noticed a tengu warrior
 14013 | Gauntlet | Found a transporter.
 14031 | Gauntlet | Found a transporter.
 14033 | Gauntlet | Found a transporter.
 14050 | Gauntlet | Found a transporter.
 14051 | Gauntlet | Found a transporter.
 14055 | Gauntlet | Noticed a ghost crab
 14060 | Gauntlet | Found a runed translucent door.
 14063 | Gauntlet | Found a transporter.
 14077 | Gauntlet | Found a transporter.
 14079 | Gauntlet | Noticed a reaper
 14090 | Gauntlet | Found a transporter.
 14104 | Gauntlet | Noticed a great orb of eyes
 14107 | Gauntlet | Found a transporter.
 14115 | Gauntlet | Found a transporter.
 14141 | Gauntlet | Found a transporter.
 14141 | Gauntlet | Noticed a purple ugly thing
 14143 | Gauntlet | Noticed a soul eater
 14179 | Gauntlet | Found a transporter.
 14183 | Gauntlet | Found a transporter.
 14398 | Gauntlet | Killed a tengu warrior
 14398 | Gauntlet | Reached XP level 12. HP: 140/150 MP: 12/12
 14469 | Gauntlet | Got a fine hat
 14489 | Gauntlet | Identified the -7 hat "Ginaru" {SInv} (You found it in a
                  | Gauntlet)
 14507 | Gauntlet | Identified the +2 ring mail of Giungay {rC+ Regen+ Int+3}
 14507 | Gauntlet | Noticed a minotaur
 14516 | Gauntlet | Killed a minotaur
 14521 | Gauntlet | Got a faintly glowing wooden ring
 14535 | Gauntlet | Identified the ring of Duuhey {Fire rPois Str+5 Stlth+}
                  | (You found it in a Gauntlet)
 15206 | D:12     | Noticed a two-headed ogre
 15217 | D:12     | Killed a two-headed ogre
 15217 | D:12     | Reached skill level 1 in Evocations
 15579 | D:12     | Found a portal to a secret trove of treasure.
 15889 | D:12     | Reached skill level 5 in Shields
 17196 | D:13     | Noticed a four-headed hydra
 17414 | D:13     | Killed a one-headed hydra
 17463 | D:13     | Noticed a centaur warrior
 17475 | D:13     | Killed a centaur warrior
 17911 | D:13     | Noticed Snorg
 17927 | D:13     | Killed Snorg
 17927 | D:13     | Reached XP level 13. HP: 155/158 MP: 14/16
 18221 | D:13     | Reached skill level 5 in Axes
 18561 | D:13     | Noticed Azrael
 18583 | D:13     | Killed Azrael
 18710 | D:13     | Noticed Kirke
 18723 | D:13     | Killed Kirke
 18999 | D:14     | Found a blossoming altar of Fedhas.
 19164 | D:14     | Gained mutation: You are somewhat resistant to further
                  | mutation. [potion of mutation]
 19164 | D:14     | Gained mutation: You are frail. (-10% HP) [potion of
                  | mutation]
 19165 | D:14     | Lost mutation: You are somewhat resistant to further
                  | mutation. [potion of mutation]
 19165 | D:14     | Lost mutation: You are frail. (-10% HP) [potion of
                  | mutation]
 19165 | D:14     | Gained mutation: You occasionally shout uncontrollably at
                  | your foes. [potion of mutation]
 19165 | D:14     | Gained mutation: Your system is resistant to poisons.
                  | (rPois) [potion of mutation]
 19165 | D:14     | Gained mutation: You have sharp fingernails. [potion of
                  | mutation]
 19206 | D:14     | Found a runed translucent gate.
 19267 | D:14     | Found a runed translucent gate.
 19267 | D:14     | Found an opulent altar of Gozag.
 19268 | D:14     | Found a runed translucent gate.
 19275 | D:14     | Noticed an ettin
 19275 | D:14     | Noticed SaintRoka's ghost (journeyman GnWz)
 19447 | D:14     | Reached skill level 5 in Evocations
 19454 | D:14     | Found a gate to the Vaults.
 19943 | D:14     | Received a gift from Trog
 19974 | D:14     | Found Booxkygh's Assorted Antiques.
 20253 | D:14     | Killed an ettin
 20257 | D:14     | Reached skill level 1 in Throwing
 20271 | D:14     | Killed SaintRoka's ghost
 20661 | D:15     | Entered Level 15 of the Dungeon
 20725 | D:15     | Reached XP level 14. HP: 169/169 MP: 18/18
 20728 | D:15     | Reached skill level 10 in Axes
 21898 | D:15     | Found a staircase to the Depths.
 22372 | Lair:1   | Entered Level 1 of the Lair of Beasts
 23380 | Lair:2   | Found a staircase to the Snake Pit.
 23384 | Lair:2   | Received a gift from Trog
 23494 | Lair:2   | Found a staircase to the Swamp.
 25670 | Lair:4   | Identified the cursed +1 war axe of Harmony {protect,
                  | Str+2} (You found it on level 4 of the Lair of Beasts)
 25874 | Lair:4   | Noticed Urug
 25884 | Lair:4   | Killed Urug
 25884 | Lair:4   | Reached skill level 5 in Throwing
 26243 | Lair:4   | Reached XP level 15. HP: 162/178 MP: 19/19
 26555 | Lair:5   | Received a gift from Trog
 26871 | Lair:5   | Lost mutation: Your system is resistant to poisons. (rPois)
                  | [potion of mutation]
 26871 | Lair:5   | Lost mutation: You occasionally shout uncontrollably at
                  | your foes. [potion of mutation]
 26871 | Lair:5   | Gained mutation: You are frail. (-10% HP) [potion of
                  | mutation]
 26871 | Lair:5   | Gained mutation: You possess an exceptional clarity of
                  | mind. [potion of mutation]
 26871 | Lair:5   | Gained mutation: Potions are less effective at restoring
                  | your health. [potion of mutation]
 26871 | Lair:5   | Gained mutation: Your flesh is heat resistant. (rF+)
                  | [potion of mutation]
 27288 | Lair:6   | Entered Level 6 of the Lair of Beasts
 27434 | Lair:6   | Received a gift from Trog
 27817 | Lair:6   | Found a staircase to the Slime Pits.
 28100 | Lair:6   | Received a gift from Trog
 28121 | Lair:6   | Noticed Josephine
 28134 | Lair:6   | Killed Josephine
 28249 | Lair:6   | Lost mutation: You are frail. (-10% HP) [potion of
                  | mutation]
 28249 | Lair:6   | Lost mutation: You possess an exceptional clarity of mind.
                  | [potion of mutation]
 28249 | Lair:6   | Lost mutation: You have sharp fingernails. [potion of
                  | mutation]
 28249 | Lair:6   | Gained mutation: You are agile. (Dex +2) [potion of
                  | mutation]
 29162 | Lair:6   | Reached skill level 5 in Dodging
 29512 | Orc:1    | Entered Level 1 of the Orcish Mines
 29803 | Orc:1    | Found a roughly hewn altar of Beogh.
 29868 | Orc:2    | Entered Level 2 of the Orcish Mines
 29910 | Orc:2    | Found a staircase to the Elven Halls.
 30224 | Orc:2    | Reached skill level 19 in Fighting
 30231 | Orc:2    | Noticed Saint Roka
 30241 | Orc:2    | Received a gift from Trog
 30255 | Orc:2    | Killed Saint Roka
 31036 | Orc:1    | Reached XP level 16. HP: 189/189 MP: 20/20
 31326 | Orc:2    | Found a bloodstained altar of Trog.
 31541 | Orc:2    | Found a roughly hewn altar of Beogh.
 31739 | Orc:2    | Found Boxkasm's Distillery.
 31741 | Orc:2    | Found Eqautow's Assorted Antiques.
 32118 | Orc:2    | Found Follec's Armour Emporium.
 32150 | Orc:2    | Found Xisayrph's Jewellery Shop.
 32173 | Orc:2    | Bought the amulet of the Air {Inacc +Fly rElec EV+5 RMsl}
                  | for 476 gold pieces
 32173 | Orc:2    | Found the amulet of the Air {Inacc +Fly rElec EV+5 RMsl}
 32212 | Orc:2    | Bought a wooden ring for 135 gold pieces
 32212 | Orc:2    | Bought a forked ivory wand for 108 gold pieces
 32228 | Orc:2    | Bought a potion of resistance for 110 gold pieces
 32228 | Orc:2    | Bought 2 potions of haste for 220 gold pieces
 32228 | Orc:2    | Bought a potion of haste for 110 gold pieces
 32269 | Orc:1    | Received a gift from Trog
 32475 | Snake:1  | Entered Level 1 of the Snake Pit
 32879 | Snake:1  | Received a gift from Trog
 32879 | Snake:1  | Reached skill level 15 in Axes
 32887 | Snake:1  | Got a crude hand axe {god gift}
 32888 | Snake:1  | Identified the +2 hand axe of Yxoq {protect, Stlth+} (Trog
                  | gifted it to you on level 1 of the Snake Pit)
 33828 | Swamp:1  | Entered Level 1 of the Swamp
 34096 | Swamp:1  | Found a transporter.
 34096 | Swamp:1  | Noticed Nr616's ghost (journeyman TrGl)
 34168 | Swamp:1  | Found a transporter.
 34581 | Swamp:1  | Noticed Nikola
 34603 | Swamp:1  | Noticed Jorgrun
 34616 | Swamp:1  | Killed Nikola
 34617 | Swamp:1  | Killed Jorgrun
 35097 | Swamp:1  | Got a pitted bone ring
 35827 | Swamp:2  | Received a gift from Trog
 35842 | Swamp:2  | Identified the +7 double sword of Nefinkiyt {speed, *Noise
                  | rPois Dex+4} (Trog gifted it to you on level 2 of the
                  | Swamp)
 35844 | Swamp:2  | Identified the ring "Tyxuss" {rC+ Str+3} (You found it on
                  | level 1 of the Swamp)
 35896 | Swamp:2  | Reached XP level 17. HP: 198/201 MP: 21/21
 36157 | Swamp:2  | Noticed a tentacled monstrosity
 36172 | Swamp:2  | Killed a tentacled monstrosity
 36172 | Swamp:2  | Reached skill level 20 in Fighting
 37361 | Swamp:3  | Reached skill level 5 in Armour
 37927 | Swamp:4  | Entered Level 4 of the Swamp
 38355 | Swamp:4  | Reached ****** piety under Trog
 38998 | Swamp:4  | Lost mutation: Potions are less effective at restoring your
                  | health. [potion of mutation]
 38998 | Swamp:4  | Lost mutation: Your flesh is heat resistant. (rF+) [potion
                  | of mutation]
 38998 | Swamp:4  | Lost mutation: You are agile. (Dex +2) [potion of mutation]
 38998 | Swamp:4  | Gained mutation: You expend magic power (3 MP) to
                  | strengthen your wands. [potion of mutation]
 38998 | Swamp:4  | Gained mutation: You possess an exceptional clarity of
                  | mind. [potion of mutation]
 39044 | Swamp:4  | Received a gift from Trog
 39429 | Swamp:4  | Noticed the 27-headed Lernaean hydra
 39440 | Swamp:4  | Killed the 27-headed Lernaean hydra
 39478 | Swamp:4  | Received a gift from Trog
 39810 | Swamp:4  | Got a decaying rune of Zot
 40270 | Snake:2  | Reached XP level 18. HP: 213/213 MP: 22/22
 40290 | Snake:2  | Noticed Aizul
 40300 | Snake:2  | Killed Aizul
 40419 | Snake:2  | Found Qisuogh's Antique Armour Shop.
 40521 | Snake:2  | Found an ancient bone altar of Kikubaaqudgha.
 41092 | Snake:3  | Received a gift from Trog
 42334 | Snake:4  | Entered Level 4 of the Snake Pit
 42599 | Snake:4  | Identified a scroll of acquirement
 42601 | Snake:4  | Got a smoking cloak
 42612 | Snake:4  | Identified the -5 cloak of Ozxycosit {+Blink rC+ Str+2}
                  | (You acquired it on level 4 of the Snake Pit)
 42745 | Snake:4  | Received a gift from Trog
 42795 | Snake:4  | Reached skill level 21 in Fighting
 42800 | Snake:4  | Reached skill level 10 in Dodging
 43074 | Snake:4  | Got a serpentine rune of Zot
 43101 | Snake:4  | Noticed Agnes
 43104 | Snake:4  | Received a gift from Trog
 43395 | Snake:4  | Reached XP level 19. HP: 221/224 MP: 24/24
 43605 | Snake:4  | Killed Agnes
 44297 | Snake:4  | Received a gift from Trog
 44451 | Snake:4  | Received a gift from Trog
 44954 | Depths:1 | Entered Level 1 of the Depths
 45024 | Depths:1 | Reached skill level 22 in Fighting
 45035 | Depths:1 | Received a gift from Trog
 45358 | Depths:1 | Found a glowing golden altar of the Shining One.
 45397 | Depths:1 | Found a gateway to a ziggurat.
 45554 | Depths:1 | Found a one-way gate leading to the halls of Pandemonium.
 45700 | Depths:1 | Found a gateway to Hell.
 45988 | Depths:1 | Identified the +1 robe "Foddase" {rF- rC++} (You found it
                  | on level 1 of the Depths)
 46635 | Depths:2 | Noticed a Tzitzimitl
 46636 | Depths:2 | Found the +2 pair of boots of the Assassin {Detection Stab+
                  | Stlth++}
 46636 | Depths:2 | Found a shadowy altar of Dithmenos.
 46646 | Depths:2 | Identified the ring of Wobacsuu {rElec rF+ rN+ Str+5 Dex-4}
 46650 | Depths:2 | Received a gift from Trog
 46662 | Depths:2 | Killed from afar by a shadow dragon

Levels and vault maps discovered:
D:1:      sevenhm_arrival_forest_fort_small_5, layout_basic,
          minmay_misc_feat_cross, cheibriados_altar_1
D:2:      layout_basic
D:3:      layout_loops_cross, lemuel_altar_in_water
D:4:      layout_rooms, lightli_ossuary_entry_decrepit_ruins, serial_shops,
          kennysheep_mini, first_ration, minmay_quadrilaterals, uniq_eustachio
D:5:      minmay_opposing_rooms, layout_loops_ring,
          minmay_temple_entry_proselytizer
D:6:      layout_loops_ring, ebering_ghost_reflecting_pool
D:7:      layout_loops_corners, roderic_lattice_a
D:8:      layout_basic
D:9:      minmay_chambers_of_sixes, layout_rooms,
          nicolae_overflow_crystal_walls, david_lair_shrubbed, serial_shops,
          shop, chequers_avenue, uniq_grum
D:10:     layout_rooms, orc_0_dummy, serial_rivers,
          chequers_serial_rivers_micro_c, chequers_serial_rivers_micro_e,
          chequers_serial_rivers_marsh, chequers_serial_rivers_micro_d,
          chequers_serial_rivers_large_a, chequers_serial_rivers_large_b,
          hangedman_ranch [blue_anna_fruit_fields]
D:11:     layout_basic, uniq_harold
D:12:     layout_stronghold, gauntlet_entry_generic,
          nicolae_trove_entry_free_sample
D:13:     lemuel_flame_loot_2, layout_loops_ring, uniq_kirke, uniq_snorg,
          uniq_azrael
D:14:     layout_irregular_city, david_vaults_1, ebering_ghost_gozag,
          infiniplex_staircase_x, fedhas_altar_1
D:15:     hangedman_depths_entry_try_elsewhere_first, layout_basic
Lair:1:   layout_cave_pods
Lair:2:   layout_small_grid, minmay_swamp_entry_worms,
          guppyfry_snake_entry_garden, guppyfry_lair_drakes
Lair:3:   layout_chaotic_city, lemuel_fruit_tree
Lair:4:   layout_loops_ring, minmay_hedge_maze, serial_bayou_pond_c,
          grunt_megastairs_4, uniq_urug
Lair:5:   layout_regular_city
Lair:6:   due_jungle_book, layout_gridlike, nicolae_slime_entry_slimehenge,
          grunt_megastairs_3, uniq_josephine
Swamp:1:  layout_falls_marsh, gammafunk_ghost_mausoleum,
          hangedman_swamp_ruin_wall, uniq_jorgrun, uniq_nikola
Swamp:2:  layout_basic_swamp, evilmike_swamp_ruin_house_6, swamp_pool1,
          nicolae_swamp_feature_on_the_river_bank
Swamp:3:  layout_falls_marsh, evilmike_swamp_ruin_rubble_1,
          infiniplex_staircase_pool
Swamp:4:  swamp_old_school, layout_basic_swamp
Snake:1:  layout_grid_maze, serial_bayou_pond_c
Snake:2:  layout_misc_corridors, serial_shops, shop, lemuel_oklob_altar,
          uniq_aizul
Snake:3:  layout_layer_cave
Snake:4:  grunt_snake_rune_serpentine_throne, layout_cave_town, uniq_agnes
Orc:1:    nicolae_orc_accident_1, layout_caves, david_defended_altar_orc
Orc:2:    st_orc_town, layout_caves, bloody_trog, uniq_saint_roka
Depths:1: layout_basic, enter_ziggurat_e, hangedman_coc_ice_floe,
          grunt_pan_entry_zigzag, st_stairs_9, tso_metal_star,
          infiniplex_staircase_pool_lava
Depths:2: regret_index_dithmenos_brocken_genspenst, layout_cave_shapes,
          hangedman_decor_push, grunt_hell_entry_dis_old, abyss_entry,
          minmay_checkered_concentric_circles, infiniplex_staircase_trident,
          serial_bayou_shore_b, minmay_shop_grove, uniq_bai_suzhen
Ossuary:  minmay_ossuary_two_tombs
Gauntlet: minmay_gauntlet_77_tree [minmay_gauntlet_arena_77_two_lines,
          minmay_gauntlet_arena_77_two_paths,
          minmay_gauntlet_arena_77_double_cross, minmay_gauntlet_arena_77_mess,
          minmay_gauntlet_arena_77_box, minmay_gauntlet_arena_77_fan,
          minmay_gauntlet_arena_77_path, gauntlet_exit_hidden_loot]

Skill      XL: |  1  2  3  4  5  6  7  8  9 10 11 12 13 14 15 16 17 18 19 |
---------------+----------------------------------------------------------+-----
Maces & Flails | 3 4 5 7 8 9 10 | 10.1
Fighting       | 5 6 7 9 12 15 18 19 20 21 22 | 22.5
Stealth        | 1 |  1.0
Axes           | 1 4 9 12 14 15 16 | 16.9
Shields        | 2 6 7 8 9 |  9.0
Armour         | 2 4 6 7 9 |  9.1
Evocations     | 4 5 6 7 8 |  8.1
Throwing       | 2 5 6 8 |  8.2
Dodging        | 3 5 7 9 10 12 | 12.1

Action                   |  1- 3 |  4- 6 |  7- 9 | 10-12 | 13-15 | 16-18 | 19-21 || total
-------------------------+-------+-------+-------+-------+-------+-------+-------++-------
Melee: Mace              |    90 |   140 |       |       |       |       |       ||   230
       Flail             |       |    50 |   277 |       |       |       |       ||   327
       Hand axe          |       |       |   115 |   590 |    61 |    95 |       ||   861
       Broad axe         |       |       |       |       |   654 |  1004 |   396 ||  2054
Throw: Tomahawk          |       |       |       |     5 |       |    20 |       ||    25
       Large rock        |       |       |       |       |       |    23 |     2 ||    25
Invok: Berserk           |     5 |     7 |     9 |    17 |    14 |     4 |     1 ||    57
       Trog's Hand       |       |     4 |     4 |    11 |    17 |     7 |     5 ||    48
       Brothers in Arms  |       |       |       |       |     4 |     2 |     5 ||    11
Evoke: Wand              |       |       |       |       |       |     8 |       ||     8
  Use: Scroll            |       |       |       |    17 |    23 |    13 |     2 ||    55
       Potion            |       |       |       |     1 |     8 |     2 |     3 ||    14
 Stab: Sleeping          |       |       |     3 |     5 |    15 |     4 |       ||    27
       Distracted        |       |       |       |       |     1 |     2 |       ||     3
       Confused          |       |       |       |       |       |     1 |       ||     1
  Eat: Chunk             |     2 |    13 |    15 |    30 |    49 |    21 |     3 ||   133
       Ration            |     1 |     1 |     3 |     6 |     5 |     8 |     3 ||    27
Armor: Animal skin       |    44 |    85 |    28 |       |       |       |       ||   157
       Robe              |       |       |    72 |   117 |    73 |    21 |       ||   283
       Troll leather arm |       |       |       |    31 |    34 |       |       ||    65
       Swamp dragon scal |       |       |       |       |       |   135 |    32 ||   167
       Ice dragon scales |       |       |       |       |       |       |    23 ||    23
Dodge: Dodged            |    66 |   122 |   184 |   203 |   205 |   530 |   212 ||  1522
       Deflected         |       |       |       |       |       |    40 |    20 ||    60
Block: Shield            |       |       |       |   175 |   346 |   609 |   177 ||  1307
       Reflection        |       |       |       |       |     5 |    56 |    17 ||    78

Table legend:
 A = Non-vault XP
 B = Vault XP
 C = Vault XP percentage of total XP
 D = Non-vault monster count
 E = Vault monster count
 F = Vault count percentage of total count
                 A         B        C        D         E       F
            +---------+---------+-------+---------+---------+-------
      Total |  263347 |  133816 |  33.7 |     907 |     326 |  26.4
            +---------+---------+-------+---------+---------+-------
        D:1 |      25 |       0 |   0.0 |      16 |       0 |   0.0
        D:2 |      82 |       0 |   0.0 |      23 |       0 |   0.0
        D:3 |     114 |       0 |   0.0 |      29 |       0 |   0.0
        D:4 |     332 |     206 |  38.3 |      18 |       4 |  18.2
        D:5 |     573 |     303 |  34.6 |      33 |       7 |  17.5
        D:6 |     291 |       0 |   0.0 |      15 |       0 |   0.0
        D:7 |     432 |       0 |   0.0 |      10 |       0 |   0.0
        D:8 |    1664 |       0 |   0.0 |      40 |       0 |   0.0
        D:9 |     789 |    1548 |  66.2 |      11 |      11 |  50.0
       D:10 |    1692 |    2161 |  56.1 |      24 |       8 |  25.0
       D:11 |    7042 |     934 |  11.7 |      31 |       1 |   3.1
       D:12 |    6768 |       0 |   0.0 |      41 |       0 |   0.0
       D:13 |    5252 |    5936 |  53.1 |      25 |      11 |  30.6
       D:14 |    5524 |    7530 |  57.7 |      17 |      12 |  41.4
       D:15 |   10442 |    2602 |  19.9 |      27 |       4 |  12.9
     Lair:1 |    3124 |       0 |   0.0 |      17 |       0 |   0.0
     Lair:2 |    2631 |    2398 |  47.7 |      17 |      10 |  37.0
     Lair:3 |    7415 |       0 |   0.0 |      35 |       0 |   0.0
     Lair:4 |    4146 |    1227 |  22.8 |      13 |       2 |  13.3
     Lair:5 |    3495 |       0 |   0.0 |      18 |       0 |   0.0
     Lair:6 |   17627 |    5469 |  23.7 |      47 |      20 |  29.9
    Swamp:1 |   15017 |    6737 |  31.0 |      35 |       2 |   5.4
    Swamp:2 |   17593 |       0 |   0.0 |      39 |       0 |   0.0
    Swamp:3 |    5771 |       0 |   0.0 |      17 |       0 |   0.0
    Swamp:4 |   18654 |   20672 |  52.6 |      37 |      26 |  41.3
    Snake:1 |   14157 |       0 |   0.0 |      28 |       0 |   0.0
    Snake:2 |   13118 |    2146 |  14.1 |      27 |       2 |   6.9
    Snake:3 |   17850 |       0 |   0.0 |      32 |       0 |   0.0
    Snake:4 |   33606 |   44281 |  56.9 |      60 |      65 |  52.0
      Orc:1 |    4490 |    1941 |  30.2 |      32 |       9 |  22.0
      Orc:2 |    4397 |   14258 |  76.4 |      44 |      69 |  61.1
   Depths:1 |   24391 |    1964 |   7.5 |      35 |       5 |  12.5
   Depths:2 |   14843 |    7155 |  32.5 |      14 |      13 |  48.1
    Ossuary |       0 |     484 | 100.0 |       0 |      38 | 100.0
   Gauntlet |       0 |    3864 | 100.0 |       0 |       7 | 100.0
            +---------+---------+-------+---------+---------+-------
